cohdb
Replays
Latest Replays
All Replays
Popular Replays
Top Player Replays
Match Explorer
How It Works
Community
CoH3 Stats
Reddit
Sign in to upload your games and track your stats! →
Sign in with Steam
Close 2v2 vs 2 1200-1300s
Match 29603256
Overview
Messages
Build Orders
End
Construct Infanterie Kompanie
Grenadier Squad
MG 42 Machine Gun Team
GrW 34 Mortar Team
Sniper
Construct Panzergrenadier Kompanie
Pak 40 Anti-tank Gun Team
Panzergrenadier Squad
Pioneer Squad
Construct Panzer Kompanie
Medical Bunker
Panzer IV Medium Tank
Selects Breakthrough Battlegroup
Selects 2.5-tonne Cargo Truck
Selects Blitzkrieg
Selects 2.5-tonne Cargo Truck
Selects Blitzkrieg
2.5-tonne Cargo Truck
Stoßtruppen Squad
Pioneer Squad
Panzer IV Medium Tank
Stoßtruppen Squad
Selects Tiger Heavy Tank
Panzer IV Medium Tank
Blitzkrieg
Grenadier Squad
Medical Station
Selects Assault Grenadiers
Selects Smoke Bombing Run
Selects Incendiary Bombing Run
Incendiary Bombing Run
Blitzkrieg
Smoke Bombing Run
Tiger Heavy Tank
Stoßtruppen Squad
Incendiary Bombing Run
Sturmpanzer IV Brummbär
Smoke Bombing Run
Smoke Bombing Run
Blitzkrieg
Pioneer Squad
Pioneer Squad
Panzer IV Medium Tank
Incendiary Bombing Run
Stoßtruppen Squad
Stoßtruppen Squad
United
pipila300
Neo
StaRadian((
0
0
Comments
sign in to comment!
No comments posted yet!